 Dungeon Crawl Stone Soup version 0.28-a0-1087-gf3fc490d9d (webtiles) character file.

Game seed: 18219548976773145340

305 ytrimaz the Insei (level 6, -2/41 HPs)
             Began as an Octopode Transmuter on Dec 10, 2021.
             Slain by Blork the orc (11 damage)
             ... on level 4 of the Dungeon.
             The game lasted 00:06:37 (5820 turns).

ytrimaz the Insei (Octopode Transmuter)             Turns: 5820, Time: 00:06:37

Health: -2/41      AC:  2    Str: 10    XL:     6   Next: 39%
Magic:  5/10       EV: 19    Int: 17    God:
Gold:   205        SH:  0    Dex: 17    Spells: 5/11 levels left

rFire   + . .      SeeInvis +     - Unarmed
rCold   + . .      Faith    .   (shield currently unavailable)
rNeg    . . .      Spirit   .   (helmet currently unavailable)
rPois   .          Reflect  .   (no amulet)
rElec   .          Harm     .   b - ring of willpower
rCorr   .          Rampage  .   a - ring of protection from cold
Will    +....                   g - ring of poison resistance
Stlth   ++........              l - ring of protection from fire
HPRegen 0.13/turn               (no ring)
MPRegen 0.12/turn               (no ring)
                                (no ring)
                                (no ring)

@: spider-form
A: venomous fangs, almost no armour, (amphibious), 8 rings, tiny, (camouflage
1), (gelatinous body 1), (nimble swimmer 1), (tentacles), see invisible
a: End Transformation


You were on level 4 of the Dungeon.
You were a venomous arachnid creature.
You visited 1 branch of the dungeon, and saw 4 of its levels.

You collected 205 gold pieces.

Inventory:

Jewellery
 a - a ring of protection from cold (right front leg)
 b - a ring of willpower (left front leg)
 g - a ring of poison resistance (on tentacle)
 l - a ring of protection from fire (on tentacle)
Scrolls
 c - a scroll of teleportation
 d - 2 scrolls of fear
 i - 2 scrolls of fog
Potions
 e - a potion of mutation
 f - a potion of brilliance {unknown}
 h - a potion of cancellation {unknown}
 j - a potion of curing
 k - a potion of heal wounds {unknown}


   Skills:
 * Level 2.4 Fighting
 - Level 2.0 Dodging
 + Level 4.6 Unarmed Combat
 * Level 3.3 Spellcasting
 * Level 3.2 Transmutations
 * Level 2.1 Poison Magic


You had 5 spell levels left.
You knew the following spells:

 Your Spells              Type           Power      Damage    Failure   Level
a - Beastly Appendage     Tmut           26%        N/A       14%         1
b - Wereblood             Tmut           13%        N/A       19%         2
c - Spider Form           Tmut/Pois      12%        N/A       36%         3

Your spell library contained the following spells:

 Spells                   Type           Power      Damage    Failure   Level
 Magic Dart               Conj           8%         1d3       36%         1
 Pain                     Necr           8%         1d4       36%         1
 Slow                     Hex            8%         N/A       36%         1
 Poisonous Vapours        Pois/Air       12%        N/A       36%         2
 Corpse Rot               Necr/Air       4%         N/A       47%         2
 Searing Ray              Conj           4%         2d4       47%         2
 Ice Form                 Ice/Tmut       8%         N/A       83%         4
 Animate Dead             Necr           1%         N/A       95%         4
 Fulminant Prism          Conj/Hex       1%         3d6       95%         4
 Agony                    Necr           2%         N/A       100%        5
 Borgnjor's Vile Clutch   Necr/Erth      1%         N/A       100%        5
 Excruciating Wounds      Necr           1%         N/A       100%        5
 Death Channel            Necr           1%         N/A       100%        6


Dungeon Overview and Level Annotations

Branches:
Dungeon (4/15)
 Temple: D:4-7

Altars:

Annotations:
D:4 Blork the orc


Innate Abilities, Weirdness & Mutations

You are a venomous arachnid creature.
You have poisonous fangs.
You are tiny and dextrous.
Your spellcasting is less reliable in this form.
Your armour is entirely melded.
You are incapable of wielding weapons or throwing items.
You cannot wear most types of armour.
((You are amphibious.))
You can wear up to eight rings at the same time.
((Your skin changes colour to match your surroundings (Stealth+).))
((Your rubbery body absorbs attacks. (AC +1, EV +1)))
((You are camouflaged near water. (Stealth+)))
((You have tentacles for arms and can constrict up to eight enemies at once.))
You have supernaturally acute eyesight. (SInv)


Message History

The goblin shouts!
Blork the orc screams, "You are the ugliest creature I've ever seen!"
Blork the orc gestures at you while chanting.
The puff of flame hits you. You resist.
Unknown command.
Blork the orc gestures wildly while chanting.
Blork the orc seems to speed up.
Blork the orc gestures at you while chanting.
The magic dart hits you!
Your magical contamination has completely faded away.
You barely miss Blork the orc.
Blork the orc gestures at you while chanting.
The puff of frost hits you. You resist. Blork the orc hits you with a +0 flail.
You hit Blork the orc but do no damage.
Blork the orc is poisoned.
Blork the orc hits you with a +0 flail!
* * * LOW HITPOINT WARNING * * *
You bite Blork the orc!
Blork the orc is moderately wounded.
Blork the orc barely misses you.
Unknown command.
You hit Blork the orc.
Blork the orc is heavily wounded.
Blork the orc miscasts a cantrip.
Blork the orc closely misses you.
Unknown command.
You bite Blork the orc!
Blork the orc is almost dead.
Blork the orc hits you with a +0 flail!
* * * LOW HITPOINT WARNING * * *
Unknown command.
Unknown command.
You feel better.
Blork the orc points at you and mumbles some strange words.
The magic dart hits you.
* * * LOW HITPOINT WARNING * * *
Unknown command.
You hit Blork the orc.
Blork the orc looks even sicker.
Blork the orc is almost dead.
Blork the orc hits you with a +0 flail!
You die...

.#.#..##).# .+
. .#.#.(##..#
.# ..
.#.#..##..# .#
...
.#.#..##..# .#
.g †#.#..##..#
###.#.##
......##..#
#.#....#
##.##......
#g.....#
...########
#o####.# ####
#s#
##############
#.#
.............#
#.#
############.#
#.# #.# #.#
#.###.#
#.....#
#######


You could see Blork the orc (fast, very poisoned) and a goblin.

Vanquished Creatures
  An orc priest (D:3)
  Jessica (D:3)
  An iguana (D:4)
  6 gnolls
  8 adders
  An adder skeleton (D:4)
  2 worms (D:2)
  3 dart slugs
  4 orcs (D:3)
  10 ball pythons
  8 bats
  3 endoplasms (D:3)
  3 giant cockroaches
  5 goblins
  8 hobgoblins
  4 jackals
  3 quokkas
  7 frilled lizards
  3 kobolds
  6 rats
87 creatures vanquished.

Vanquished Creatures (others)
  A fungus (D:3)
1 creature vanquished.

Grand Total: 88 creatures vanquished

Notes
Turn   | Place    | Note
-------+----------+-------------------------------------------
     0 | D:1      | ytrimaz the Octopode Transmuter began the quest for the
                  | Orb.
     0 | D:1      | Reached XP level 1. HP: 13/13 MP: 3/3
   487 | D:1      | Reached XP level 2. HP: 15/18 MP: 5/5
   732 | D:1      | Learned a level 2 spell: Wereblood
  1358 | D:2      | Reached XP level 3. HP: 23/23 MP: 4/6
  1362 | D:2      | Learned a level 3 spell: Spider Form
  2015 | D:2      | Reached XP level 4. HP: 10/29 MP: 7/7
  2913 | D:3      | Reached skill level 4 in Unarmed Combat
  3186 | D:3      | Found a faded altar of an unknown god.
  3194 | D:3      | Got Plato's Collected Works on the Oath
  3237 | D:3      | Reached skill level 1 in Poison Magic
  3299 | D:3      | Noticed Jessica
  3307 | D:3      | Killed Jessica
  3308 | D:3      | Reached XP level 5. HP: 27/34 MP: 7/9
  4809 | D:3      | Reached XP level 6. HP: 32/40 MP: 1/10
  5436 | D:3      | Gained mutation: You have supernaturally acute eyesight.
                  | (SInv) [potion of mutation]
  5806 | D:4      | Noticed Blork the orc
  5818 | D:4      | HP: 2/41 [Blork the orc (10)]
  5820 | D:4      | Slain by Blork the orc

Illustrated notes

Levels and vault maps discovered:
D:1:      enne_arrival_octagon_isle, layout_rooms
D:2:      layout_basic, chequers_serial_rivers_micro_b,
          nicolae_figureground_pulse
D:3:      minmay_skewed_foursquare, layout_loops_corners,
          shapermc_ecumenical_altar_rom_forum, minmay_cut_off, uniq_jessica
D:4:      layout_basic, roderic_batcave, uniq_blork_the_orc, uniq_menkaure

Skill      XL: |  1  2  3  4  5  6 |
---------------+-------------------+-----
Unarmed Combat | 4 |  4.6
Poison Magic   | 1 2 |  2.1
Fighting       | 2 |  2.4
Spellcasting   | 3 |  3.3
Transmutations | 3 |  3.2
Dodging        | |  2.0

Action                   |  1- 3 |  4- 6 || total
-------------------------+-------+-------++-------
Melee: Unarmed           |    82 |   131 ||   213
       Constrict         |    21 |    33 ||    54
       Tentacles         |    14 |    20 ||    34
       Kick              |     2 |     7 ||     9
       Punch             |     2 |     3 ||     5
 Cast: Beastly Appendage |     4 |     8 ||    12
       Spider Form       |       |     7 ||     7
  Use: Scroll            |     4 |     2 ||     6
       Potion            |       |     2 ||     2
 Stab: Sleeping          |     3 |     7 ||    10
Armor: Skin              |     4 |    13 ||    17
Dodge: Dodged            |    53 |    81 ||   134

Table legend: (Time is in decaauts)
 A = Elapsed time spent in this place.
 B = Non-inter-level travel time spent in this place.
 C = Inter-level travel time spent in this place.
 D = Time resting spent in this place.
 E = Time spent auto-exploring this place.
 F = Levels seen in this place.
 G = Mean time per level.
                   A        B        C        D        E       F      G
               +--------+--------+--------+--------+--------+-----+--------+
         Total |   5803 |   5752 |     51 |    308 |   4679 |   4 | 1450.8 |
       Dungeon |   5803 |   5752 |     51 |    308 |   4679 |   4 | 1450.8 |
               +--------+--------+--------+--------+--------+-----+--------+

Top non-repeatable levels by time:
     D:3: 2416 daAuts
     D:2: 1533 daAuts
     D:1: 1331 daAuts
     D:4: 521 daAuts
